 Dungeon Crawl Stone Soup version 0.21-a0-404-g291f19a (webtiles) character file.

1253 splatterpode the Covert (level 8, -6/55 HPs)
             Began as an Octopode Assassin on Oct 30, 2017.
             Was a Believer of Okawaru.
             Mangled by an orc warrior
             ... wielding a +0 flail
              (10 damage)
             ... on level 6 of the Dungeon.
             The game lasted 00:12:06 (7587 turns).

splatterpode the Covert (Octopode Assassin)         Turns: 7587, Time: 00:12:07

Health: -6/55      AC:  1    Str: 11    XL:     8   Next: 51%
Magic:  8/8        EV: 13    Int: 15    God:    Okawaru [**....]
Gold:   622        SH:  0    Dex: 13    Spells: 7/7 levels left

rFire    . . .     SeeInvis .   z - +0 dagger (freeze)
rCold    . . .     Gourm    .   (no shield)
rNeg     . . .     Faith    .   (helmet restricted)
rPois    .         Spirit   .   (no amulet)
rElec    .         Reflect  .   (no ring)
rCorr    .         Harm     .   (no ring)
MR       .....                  (no ring)
Stlth    +++++.....             (no ring)
HPRegen  0.18/turn              (no ring)
MPRegen  0.11/turn              (no ring)
                                (no ring)
                                (no ring)

@: no status effects
A: almost no armour, stealthy swim, amphibious, 8 rings, constrict 8, camouflage
1, gelatinous body 1
a: Heroism, Renounce Religion


You were on level 6 of the Dungeon.
You worshipped Okawaru.
Okawaru was pleased with you.
You were not hungry.

You visited 2 branches of the dungeon, and saw 7 of its levels.
You also visited: Ossuary.

You collected 622 gold pieces.

Inventory:

Hand Weapons
 a - a +3 dagger
 b - a +0 blowgun
 z - a +0 dagger of freezing (weapon)
Missiles
 c - 18 poisoned needles
 d - 2 curare-tipped needles {!*}
Wands
 j - a wand of acid (8/15)
 u - a wand of flame (29/48)
Scrolls
 h - 7 scrolls of teleportation
 i - 3 scrolls of remove curse
 l - 2 scrolls of magic mapping
 m - 2 scrolls of immolation
 n - 4 scrolls of enchant weapon
 s - a scroll of fog {unknown}
 v - a scroll of blinking {unknown}
 y - a scroll of random uselessness {unknown}
Potions
 e - 2 potions of agility
 k - 2 potions of lignification
 o - a potion of flight
 q - 2 potions of heal wounds
 r - a potion of haste {unknown}
 w - a potion of resistance {unknown}
 x - 3 potions of magic {unknown}
Comestibles
 f - 5 bread rations
 g - 4 meat rations
 p - 7 fruits


   Skills:
 - Level 5.0 Fighting
 * Level 7.5 Short Blades
 - Level 2.0 Throwing
 - Level 1.0 Dodging
 + Level 8.9 Stealth


You had 7 spell levels left.
You didn't know any spells.

Dungeon Overview and Level Annotations

Branches:
Dungeon (6/15)             Temple (1/1) D:4

Altars:
Ashenzari
Cheibriados
Dithmenos
Elyvilon
Gozag
Hepliaklqana
Kikubaaqudgha
Nemelex Xobeh
Okawaru
Qazlal
Ru
Sif Muna
Uskayaw
Vehumet
Wu Jian
Xom
Yredelemnul
Zin
The Shining One

Shops:
D:4 :


Innate Abilities, Weirdness & Mutations

You cannot wear most types of armour.
You are very stealthy in the water. (Stealth+)
You are amphibious.
You can wear up to eight rings at the same time.
You can use your tentacles to constrict eight enemies at once.
Your skin changes colour to match your surroundings (Stealth+).
Your rubbery body absorbs attacks. (AC +1, EV +1)


Message History

The orc warrior is heavily wounded.
You constrict the orc warrior, but do no damage.
The orc warrior hits you with a flail!
* * * LOW HITPOINT WARNING * * *
You hit the orc warrior. You freeze the orc warrior.
Your squeeze misses the orc warrior.
The orc warrior is heavily wounded.
You constrict the orc warrior.
You hit the orc warrior but do no damage.
You squeeze the orc warrior, but do no damage.
The orc warrior is heavily wounded.
You constrict the orc warrior. The orc warrior hits you with a flail.
* * * LOW HITPOINT WARNING * * *
You hit the orc warrior but do no damage.
The orc warrior is heavily wounded.
You constrict the orc warrior, but do no damage.
You barely miss the orc warrior.
The orc warrior is heavily wounded.
You constrict the orc warrior. The orc warrior hits you with a flail!
You die...

### #@#
#o# #o#
#o# #.#
#.#
########
#.#
#......#
#.#
#......#
#.#
#..o...#


You could see an orc warrior, an orc wizard and an orc.

Vanquished Creatures
  2 orc warriors
  2 ogres
  A phantom (D:4)
  A centaur (D:5)
  A bullfrog (D:5)
  A scorpion (D:5)
  A crimson imp (D:5)
  Crazy Yiuf (D:2)
  An orc priest (D:6)
  A jelly (D:5)
  An iguana (D:5)
  4 orc wizards (D:6)
  3 worker ants
  4 big kobold zombies (Ossuary)
  A hound skeleton (D:5)
  2 mummies (Ossuary)
  Robin (D:2)
  5 adders
  2 oozes (D:3)
  An adder skeleton (D:4)
  An adder zombie (D:5)
  4 worms
  2 leopard geckos
  12 orcs
  5 giant cockroaches
  A gnoll zombie (Ossuary)
  7 hobgoblins
  5 kobolds
  3 quokkas
  A ball python (D:3)
  6 bats
  11 frilled lizards
  12 goblins
  5 goblin zombies (Ossuary)
  A hobgoblin zombie (Ossuary)
  3 orc zombies (Ossuary)
  2 rats
117 creatures vanquished.

Vanquished Creatures (others)
  An orc wizard (D:5)
1 creature vanquished.

Grand Total: 118 creatures vanquished

Notes
Turn   | Place    | Note
-------+----------+-------------------------------------------
     0 | D:1      | splatterpode the Octopode Assassin began the quest for the Orb.
     0 | D:1      | Reached XP level 1. HP: 14/14 MP: 1/1
  1033 | D:2      | Reached XP level 2. HP: 12/19 MP: 2/2
  1234 | D:2      | Found an opulent altar of Gozag.
  1315 | D:2      | Reached XP level 3. HP: 25/25 MP: 3/3
  1420 | D:2      | Noticed Robin
  1848 | D:2      | Killed Robin
  2161 | D:2      | Reached XP level 4. HP: 30/30 MP: 4/4
  2295 | D:2      | Found a runed door.
  2324 | D:2      | Noticed Crazy Yiuf
  2335 | D:2      | Killed Crazy Yiuf
  2335 | D:2      | Reached skill level 6 in Stealth
  2839 | D:3      | Found a hazy altar of Hepliaklqana.
  3082 | D:3      | Reached XP level 5. HP: 34/36 MP: 5/5
  3207 | D:3      | Found a glowing silver altar of Zin.
  3207 | D:3      | Found a shimmering altar of Xom.
  3207 | D:3      | Noticed an angel
  3745 | D:4      | Noticed a phantom
  3753 | D:4      | Killed a phantom
  3753 | D:4      | Reached XP level 6. HP: 42/42 MP: 6/6
  3782 | D:4      | Found Qezi's Book Boutique.
  3886 | D:4      | Found a staircase to the Ecumenical Temple.
  3902 | Temple   | Entered the Ecumenical Temple
  3996 | Temple   | Became a worshipper of Warmaster Okawaru
  4374 | D:4      | Reached skill level 5 in Short Blades
  4374 | D:4      | Reached skill level 7 in Stealth
  4756 | D:5      | Entered Level 5 of the Dungeon
  4781 | D:5      | Reached * piety under Okawaru
  4781 | D:5      | Reached XP level 7. HP: 48/48 MP: 7/7
  4906 | D:5      | Found a sand-covered staircase.
  4914 | Ossuary  | Entered an ossuary
  5775 | D:5      | Reached skill level 8 in Stealth
  5801 | D:5      | Reached XP level 8. HP: 45/54 MP: 8/8
  6668 | D:5      | Reached skill level 5 in Fighting
  7416 | D:6      | Reached ** piety under Okawaru
  7587 | D:6      | Mangled by an orc warrior

Vault maps used:
D:1:      kilobyte_arrival_exit_the_forest
D:2:      cheibrodos_old_hovel, nicolae_gozag_cash_rules_everything_around_me,
          uniq_crazy_yiuf_cottage, uniq_robin
D:3:      grunt_temple_overflow_order_and_chaos_1, lemuel_crystal_altar
D:4:      minmay_temple_entry_mist, serial_shops, shop
D:5:      first_bread, lightli_ossuary_entry_decrepit_ruins
Temple:   nicolae_temple_elliptical
Ossuary:  minmay_ossuary_gauntlet

Skill      XL: |  1  2  3  4  5  6  7  8 |
---------------+-------------------------+-----
Short Blades   | 3 4 5 6 7 |  7.5
Stealth        | 6 7 8 |  8.9
Fighting       | 3 4 5 |  5.0
Throwing       | |  2.0
Dodging        | |  1.0

Action                   |  1- 3 |  4- 6 |  7- 9 || total
-------------------------+-------+-------+-------++-------
Melee: Dagger            |    60 |    87 |   201 ||   348
       Constrict         |    13 |    13 |    35 ||    61
       Tentacles         |     7 |    20 |    51 ||    78
       Punch             |       |       |     1 ||     1
 Fire: Blowgun           |       |     3 |       ||     3
Invok: Heroism           |       |       |     2 ||     2
  Use: Scroll            |       |    11 |     1 ||    12
 Stab: Sleeping          |     9 |    12 |    12 ||    33
  Eat: Chunk             |     4 |     7 |     5 ||    16
       Meat ration       |       |       |     1 ||     1
Armor: Skin              |     2 |     3 |     4 ||     9
Dodge: Dodged            |    34 |    37 |    71 ||   142

Table legend:
 A = Spawn XP
 B = Non-spawn XP
 C = Spawn XP percentage of total XP
 D = Spawn monster count
 E = Non-spawn monster count
 F = Spawn count percentage of total count
 G = Total turns spent on level
                    A         B        C        D         E        F      G
               +---------+---------+-------+---------+---------+-------+---------
         Total |       0 |    1790 |   0.0 |       0 |     118 |   0.0 |  7587
               +---------+---------+-------+---------+---------+-------+---------
           D:1 |       0 |      15 |   0.0 |       0 |       9 |   0.0 |  1392
           D:2 |       0 |     128 |   0.0 |       0 |      27 |   0.0 |  1295
           D:3 |       0 |      58 |   0.0 |       0 |      22 |   0.0 |  1058
           D:4 |       0 |     298 |   0.0 |       0 |      12 |   0.0 |  1042
           D:5 |       0 |     808 |   0.0 |       0 |      22 |   0.0 |  1600
           D:6 |       0 |     334 |   0.0 |       0 |      10 |   0.0 |   494
       Ossuary |       0 |     149 |   0.0 |       0 |      16 |   0.0 |   602
               +---------+---------+-------+---------+---------+-------+---------
